AoeStats
← Steffels

Arena

510268006Analyzed
1v1 RM · 1d ago on Sep 30, 2026· 25m 36s· 2 players
Game mode
Random Map
Map size
Tiny (2 player)
Population
200
Speed
Normal
Resources
Standard
Victory
Conquest
Starting age
Dark Age
Ending age
Imperial Age
RankedLock teamsTeams togetherTeam positionsShared explorationLock speedFull tech treeHidden civsTurbo modeCheats
Victory
Defeat
🇨🇳 Spanish · China
1068
+16
🇧🇪 Varangians · Belgium
1062
-16
Steffels
10:44 Feudal Age
12:31 Double-Bit Axe
12:29 Horse Collar
15:29 Castle Age
16:43 Wheelbarrow
18:29 Bow Saw
20:34 Gold Mining
25:20 Fervor
clh5699可乐
10:46 Feudal Age
14:47 Castle Age
12:46 Double-Bit Axe
13:22 Stone Mining
14:48 Gold Mining
15:19 Loom
23:09 Devotion
Connection lost

Rejoining the realm…

Still unreachable

The connection could not be restored.

Session expired

The server has moved on; the page needs a fresh start.